 Dungeon Crawl Stone Soup version 0.27-a0-148-g9515ab555c (webtiles) character file.

Game seed: 1513031887961123894

1096 sahdkjhfkaj the Fighter (level 8, -1/111 HPs)
             Began as a Minotaur Berserker on Jan 26, 2021.
             Was a High Priest of Trog.
             Slain by an orc
             ... wielding a +0 hand axe
              (2 damage)
             ... on level 6 of the Dungeon.
             The game lasted 00:02:25 (4469 turns).

sahdkjhfkaj the Fighter (Minotaur Berserker)        Turns: 4469, Time: 00:02:25

Health: -1/111     AC: 11    Str: 25    XL:     8   Next: 10%
Magic:  7/7        EV:  9    Int:  4    God:    Trog [*****.]
Gold:   350        SH:  0    Dex:  9    Spells: 7/7 levels left

rFire    . . .     SeeInvis .   a - +1 falchion
rCold    . . .     Faith    .   (no shield)
rNeg     . . .     Spirit   .   c - +0 chain mail
rPois    .         Reflect  .   (helmet restricted)
rElec    .         Harm     .   (no cloak)
rCorr    .         Rampage  .   o - +0 pair of gloves
Will     .....                  (no boots)
Stlth    ..........             (no amulet)
HPRegen  0.28/turn              (no ring)
MPRegen  0.10/turn              (no ring)

@: berserking (expiring), very quick
A: retaliatory headbutt, horns 2
a: Renounce Religion, Berserk, Trog's Hand, Brothers in Arms


You were on level 6 of the Dungeon.
You worshipped Trog.
Trog was extremely pleased with you.
You visited 1 branch of the dungeon, and saw 6 of its levels.

You collected 350 gold pieces.

Inventory:

Hand Weapons
 a - a +1 falchion (weapon)
Armour
 c - a +0 chain mail (worn)
 o - a +0 pair of gloves (worn)
Jewellery
 b - an uncursed ring of magical power {unknown}
 u - an uncursed ring of stealth {unknown}
Wands
 y - a wand of acid (6)
Scrolls
 e - a scroll of enchant weapon
 g - a scroll of blinking {unknown}
 l - a scroll of remove curse {unknown}
 r - a scroll of enchant armour {unknown}
 t - a scroll of fear {unknown}
 v - a scroll of magic mapping {unknown}
 x - a scroll of amnesia {unknown}
Potions
 d - a potion of heal wounds
 h - a potion of attraction {unknown}
 i - 6 potions of curing
 j - a potion of mutation {unknown}
 k - a potion of degeneration {unknown}
 m - a potion of might {unknown}
 n - a potion of ambrosia {unknown}
 p - a potion of resistance {unknown}
 q - a potion of brilliance {unknown}
 s - a potion of flight {unknown}
 w - 2 potions of lignification {unknown}


   Skills:
 * Level 8.1 Fighting
 * Level 8.1 Long Blades
 + Level 5.5 Armour
 - Level 2.1 Dodging


You had 7 spell levels left.
You didn't know any spells.
Your spell library was empty.

Dungeon Overview and Level Annotations

Branches:
Dungeon (6/15)
 Temple: D:4-7

Altars:
Ashenzari
Dithmenos
Gozag
Ru
Zin


Innate Abilities, Weirdness & Mutations

You reflexively headbutt those who attack you in melee.
You have a pair of horns on your head.


Message History

Your chain mail prevents you from hitting the orc.
You headbutt the orc!
The orc is almost dead.
The orc warrior hits you but does no damage.
You slash the orc warrior!
The orc warrior is moderately wounded.
The orc throws a boomerang.
The boomerang hits you.
* * * LOW HITPOINT WARNING * * *
You hit the orc warrior but do no damage.
Your headbutt misses the orc warrior.
The orc warrior is moderately wounded.
The orc hits you but does no damage. x2; The orc throws a boomerang.
The boomerang hits you but does no damage.
Unknown command.
You slash the orc warrior! You headbutt the orc warrior!
The orc warrior is almost dead.
The orc warrior hits you with a +0 war axe!
* * * LOW HITPOINT WARNING * * *
The orc hits you with a +0 hand axe.
You die...

## . .# .. .
.###. ... ....
....####..#
##.[...o..#
......†@..#
.##....oo.#
<......$.....
..#.o?.........
. #.......##..#
#.......# ..
##...!... #
#.#####.#


You could see an orc warrior and 3 orcs.

Vanquished Creatures
  An ice beast (D:5)
  A phantom (D:4)
  2 ogres (D:5)
  A hound (D:6)
  A gnoll shaman (D:4)
  3 orc priests
  3 orc wizards
  Terence (D:2)
  Natasha (D:2)
  5 worker ants
  A worker ant zombie (D:5)
  7 gnolls
  12 adders
  2 oozes
  2 worms (D:2)
  4 dart slugs
  5 leopard geckos
  13 orcs
  8 giant cockroaches
  13 goblins
  9 hobgoblins
  13 jackals
  2 quokkas
  2 ball pythons
  10 bats
  8 frilled lizards
  6 kobolds
  A leopard gecko skeleton (D:4)
  A leopard gecko zombie (D:5)
  9 rats
147 creatures vanquished.

Notes
Turn   | Place    | Note
-------+----------+-------------------------------------------
     0 | D:1      | sahdkjhfkaj the Minotaur Berserker began the quest for the
                  | Orb.
     0 | D:1      | Reached XP level 1. HP: 19/19 MP: 0/0
   113 | D:1      | Reached XP level 2. HP: 27/27 MP: 1/1
   296 | D:1      | Reached XP level 3. HP: 33/33 MP: 2/2
   302 | D:1      | Reached ** piety under Trog
   942 | D:2      | Noticed Terence
   953 | D:2      | Killed Terence
   954 | D:2      | Reached XP level 4. HP: 41/41 MP: 3/3
  1263 | D:2      | Reached skill level 5 in Long Blades
  1329 | D:2      | Reached skill level 5 in Fighting
  1556 | D:2      | Noticed Natasha
  1570 | D:2      | Killed Natasha
  1571 | D:2      | Reached XP level 5. HP: 40/48 MP: 4/4
  1936 | D:3      | Reached *** piety under Trog
  2228 | D:3      | Reached XP level 6. HP: 38/57 MP: 5/5
  2579 | D:3      | Reached **** piety under Trog
  3100 | D:4      | Found a broken altar of Ashenzari.
  3167 | D:4      | Reached XP level 7. HP: 58/64 MP: 6/6
  3293 | D:4      | Found a shadowy altar of Dithmenos.
  3562 | D:4      | Found an opulent altar of Gozag.
  3686 | D:5      | Entered Level 5 of the Dungeon
  3700 | D:5      | Reached skill level 5 in Armour
  4119 | D:5      | Reached XP level 8. HP: 67/74 MP: 7/7
  4268 | D:5      | Found a sacrificial altar of Ru.
  4268 | D:5      | Found a glowing silver altar of Zin.
  4466 | D:6      | Reached ***** piety under Trog
  4469 | D:6      | HP: 1/111 [orc warrior/+0 war axe (16)]
  4469 | D:6      | Slain by an orc

Illustrated notes

Levels and vault maps discovered:
D:1:      ebering_hopf_link, layout_loops_ring, chequers_arboretum
D:2:      layout_loops_cross, minmay_misc_feat_x, uniq_terence, uniq_natasha
D:3:      layout_loops_ring
D:4:      layout_cave_pools, nicolae_overflow_crystal_walls, old_standard_altar,
          pf_just_have_faith
D:5:      layout_basic, nicolae_overflow_hidden_temple
D:6:      layout_loops_cross, general_overflow_altar, nicolae_ossuary_entry_plus

Skill      XL: |  1  2  3  4  5  6  7  8 |
---------------+-------------------------+-----
Fighting       | 4 5 6 7 8 |  8.1
Long Blades    | 4 5 6 7 8 |  8.1
Armour         | 3 4 5 |  5.5
Dodging        | |  2.1

Action                   |  1- 3 |  4- 6 |  7- 9 || total
-------------------------+-------+-------+-------++-------
Melee: Falchion          |    72 |   206 |    87 ||   365
       Headbutt          |    16 |    27 |    20 ||    63
Invok: Berserk           |       |     1 |     2 ||     3
  Use: Scroll            |       |       |     4 ||     4
 Stab: Distracted        |       |     1 |       ||     1
Armor: Chain mail        |    37 |   114 |    57 ||   208
Dodge: Dodged            |    30 |    99 |    45 ||   174
       Rpst.: Falchion   |     5 |    32 |    13 ||    50

Table legend: (Time is in decaauts)
 A = Elapsed time spent in this place.
 B = Non-inter-level travel time spent in this place.
 C = Inter-level travel time spent in this place.
 D = Time resting spent in this place.
 E = Time spent auto-exploring this place.
 F = Levels seen in this place.
 G = Mean time per level.
                   A        B        C        D        E       F      G
               +--------+--------+--------+--------+--------+-----+--------+
         Total |   4496 |   4275 |    221 |    168 |   3370 |   6 |  749.3 |
       Dungeon |   4496 |   4275 |    221 |    168 |   3370 |   6 |  749.3 |
               +--------+--------+--------+--------+--------+-----+--------+

Top non-repeatable levels by time:
     D:2: 1083 daAuts
     D:3: 1055 daAuts
     D:1: 805 daAuts
     D:5: 771 daAuts
     D:4: 767 daAuts
     D:6: 13 daAuts
